 Dungeon Crawl Stone Soup version 0.31-a0-702-gf82c85558f (webtiles) character file.

Game seed: 13941867677725378489

264 qw the Shooter (level 6, -2/38 HPs)
             Began as a Gargoyle Hunter on Sept 7, 2023.
             Killed from afar by Blork the orc (4 damage)
             ... with a magic dart
             ... on level 4 of the Dungeon.
             The game lasted 00:01:07 (2285 turns).

qw the Shooter (Gargoyle Hunter)                    Turns: 2285, Time: 00:01:08

Health: -2/38      AC: 11    Str: 20    XL:     6   Next: 19%
Magic:  6/6        EV: 11    Int: 10    God:
Gold:   174        SH:  0    Dex: 15    Spells: 5/5 levels left

rFire   . . .        Y - +0 shortbow
rCold   . . .        (shield currently unavailable)
rNeg    + . .        e - +0 ring mail
rPois   inf          (no helmet)
rElec   +            a - +0 cloak
rCorr   .            (no gloves)
SInv    .            (no boots)
Will    .....        g - amulet of faith
Stlth   +            d - +6 ring of strength
HPRegen 0.26/turn    (no ring)
MPRegen 0.10/turn

%: faith
@: no status effects
A: sickness immunity, AC +4, negative energy resistance 1, electricity
resistance, torment resistance 1, petrification resistance
a: no special abilities


You were on level 4 of the Dungeon.
You visited 1 branch of the dungeon, and saw 4 of its levels.

You collected 174 gold pieces.


Innate Abilities, Weirdness & Mutations

You are immune to sickness and miasma.
Your stone body is resilient. (AC +4)
You are immune to poison.
You resist negative energy. (rN+)
You are resistant to electric shocks. (rElec)
You are resistant to unholy torment.
You are immune to petrification.


   Skills:
 + Level 3.7 Fighting
 - Level 6.0 Ranged Weapons
 - Level 2.9 Armour
 - Level 1.5 Dodging
 - Level 1.1 Stealth


You had 5 spell levels left.
You didn't know any spells.
Your spell library was empty.

Inventory:

Hand Weapons
 Y - a +0 shortbow (weapon)
Armour
 a - a +0 cloak (worn)
 e - a +0 ring mail (worn)
Jewellery
 d - a +6 ring of strength (left hand)
 g - an amulet of faith (around neck)
Scrolls
 c - a scroll of identify {unknown}
Potions
 b - a potion of heal wounds {unknown}
 h - a potion of curing {unknown}

Dungeon Overview and Level Annotations

Branches:
Dungeon (4/15)
 Temple: D:4-7

Altars:
Cheibriados
Vehumet
Zin

Annotations:
D:4 3 runed translucent doors, Blork the orc; qw's ghost, amateur GrHu


Message History

Blork the orc points at you and mumbles some strange words.
The puff of frost hits you. Blork the orc barely misses you.
You shoot an arrow. The arrow hits Blork the orc.
Blork the orc is heavily wounded.
Blork the orc barely misses you.
Blork the orc looks satisfied for a moment.
You shoot an arrow. The arrow hits Blork the orc!
Blork the orc is severely wounded.
Blork the orc barely misses you.
You shoot an arrow.
The arrow hits Blork the orc but does no damage.
Blork the orc is severely wounded.
Blork the orc closely misses you. x2
You shoot an arrow.
The arrow hits Blork the orc but does no damage.
Blork the orc is severely wounded.
Blork the orc hits you but does no damage.
Blork the orc closely misses you.
You shoot an arrow. The arrow hits Blork the orc.
Blork the orc is almost dead.
Blork the orc hits you with a +0 short sword.
Blork the orc hits you but does no damage.
You shoot an arrow. The arrow barely misses Blork the orc.
The arrow closely misses the hound.
The arrow hits the gnoll bouda.
The gnoll bouda is severely wounded.
The gnoll is no longer moving quickly.
Blork the orc hits you with a +0 short sword.
The gnoll bouda barks out a call to the hunt!
The gnoll picks up the pace!
Blork the orc hits you but does no damage.
You shoot an arrow. The arrow barely misses Blork the orc.
The arrow hits the hound.
The hound is moderately wounded.
Blork the orc hits you but does no damage.
You shoot an arrow. The arrow hits Blork the orc.
Blork the orc is almost dead.
The gnoll is no longer moving quickly.
Blork the orc casts a spell at you. The magic dart hits you.
You die...

..........#W#.# #.........
..........#######.....####
...............#......# #
...K...........'......# #
...g....gg.....#......# #
....Ss.Ksgo....#.%########
#########h######........##
#o#....#...####.##
#@#.##.#...####.##
#.#.##.#......#.##
#.#.##.#..###.#.##
###.##.#.........'
###.##.##.###.#.##
#...##.##.###.#.##
#.#...........#.#
#.#.#.....#####..
#.#......>..# ###


You could see Blork the orc (fast), a gnoll bouda, a scorpion, a hound, 2 gnolls
and an orc.

Vanquished Creatures
  A phantom (D:4)
  Jessica (D:2)
  4 gnolls
  5 adders
  A worm (D:2)
  A dart slug (D:1)
  6 endoplasms
  2 giant cockroaches
  3 goblins
  3 hobgoblins
  10 jackals
  2 quokkas
  8 ball pythons
  8 bats
  8 frilled lizards
  6 kobolds
  7 rats
76 creatures vanquished.

Notes
Turn   | Place    | Note
-------+----------+-------------------------------------------
     0 | D:1      | qw the Gargoyle Hunter began the quest for the Orb.
     0 | D:1      | Reached XP level 1. HP: 12/12 MP: 1/1
     0 | D:1      | 0 ||| qw: Version: 0.3-a-76-g4403597
     0 | D:1      | 0 ||| qw: Game counter: 766
     0 | D:1      | 0 ||| qw: Melee chars always use a shield: true
     0 | D:1      | 0 ||| qw: God list: Okawaru
     0 | D:1      | 0 ||| qw: Allow faded altars: false
     0 | D:1      | 0 ||| qw: Do Orc after clearing Dungeon:15 true
     0 | D:1      | 0 ||| qw: Do second Lair branch before Depths: true
     0 | D:1      | 0 ||| qw: Lair rune preference: random
     0 | D:1      | 0 ||| qw: Goals: Normal
     0 | D:1      | 0 ||| PLANNING D:1-11
    35 | D:1      | Found a faded altar of an unknown god.
   164 | D:1      | Reached XP level 2. HP: 17/17 MP: 2/2
   398 | D:1      | Reached XP level 3. HP: 21/21 MP: 3/3
   520 | D:1      | Reached skill level 5 in Ranged Weapons
   652 | D:1      | 652 ||| UPGRADING to +6 ring of strength.
   653 | D:1      | 653 ||| READING scroll labelled GISIGIDAGH.
   654 | D:1      | 654 ||| READING scroll labelled QEOFFYIWOL.
   655 | D:1      | 655 ||| READING scroll labelled TUIK ACOLE.
   660 | D:1      | 660 ||| READING scroll labelled ZECOSO MOPE.
   661 | D:1      | 661 ||| DROPPING scroll of butterflies.
   756 | D:2      | Noticed Jessica
   761 | D:2      | Killed Jessica
   762 | D:2      | Reached skill level 3 in Fighting
   762 | D:2      | Reached XP level 4. HP: 28/28 MP: 4/4
   966 | D:2      | Found a snail-covered altar of Cheibriados.
  1341 | D:2      | 1341 ||| UPGRADING to amulet of faith.
  1346 | D:2      | 1346 ||| DROPPING ring of flight.
  1347 | D:2      | 1347 ||| READING scroll labelled DEEHUT CORUW.
  1348 | D:2      | 1348 ||| DRINKING 2 sedimented red potions.
  1349 | D:2      | 1349 ||| DROPPING potion of magic.
  1405 | D:3      | 1405 ||| FLEEEEING.
  1453 | D:3      | Found a radiant altar of Vehumet.
  1463 | D:3      | 1463 ||| RETREATING.
  1465 | D:3      | 1465 ||| RETREATING.
  1468 | D:3      | 1468 ||| Stepping ~*~*~tactically~*~*~ (retreating).
  1470 | D:3      | 1470 ||| FLEEEEING.
  1476 | D:3      | Reached XP level 5. HP: 21/32 MP: 5/5
  1490 | D:3      | Reached skill level 6 in Ranged Weapons
  1499 | D:3      | 1499 ||| FLEEEEING.
  1501 | D:3      | 1501 ||| FLEEEEING.
  1502 | D:3      | 1502 ||| FLEEEEING.
  1503 | D:3      | 1503 ||| FLEEEEING.
  1506 | D:3      | 1506 ||| STAIRDANCE
  1575 | D:2      | 1575 ||| READING scroll labelled RAYS WECZEAL.
  1998 | D:3      | Found a glowing silver altar of Zin.
  2051 | D:3      | 2051 ||| UPGRADING to +0 cloak.
  2056 | D:3      | 2056 ||| UPGRADING to +0 ring mail.
  2066 | D:3      | 2066 ||| DROPPING +0 leather armour.
  2067 | D:3      | 2067 ||| DRINKING 2 metallic red potions.
  2068 | D:3      | 2068 ||| DROPPING potion of invisibility.
  2095 | D:4      | Noticed a phantom
  2119 | D:4      | Killed a phantom
  2120 | D:4      | Reached XP level 6. HP: 26/38 MP: 6/6
  2250 | D:4      | Found a runed translucent gate.
  2250 | D:4      | Found a runed translucent gate.
  2250 | D:4      | Found a runed translucent gate.
  2251 | D:4      | Noticed qw's ghost (amateur GrHu)
  2253 | D:4      | Noticed Blork the orc
  2263 | D:4      | 2263 ||| Stepping ~*~*~tactically~*~*~ (retreating).
  2265 | D:4      | 2265 ||| Stepping ~*~*~tactically~*~*~ (retreating).
  2266 | D:4      | 2266 ||| Stepping ~*~*~tactically~*~*~ (retreating).
  2267 | D:4      | 2267 ||| Stepping ~*~*~tactically~*~*~ (retreating).
  2268 | D:4      | 2268 ||| Stepping ~*~*~tactically~*~*~ (retreating).
  2269 | D:4      | 2269 ||| Stepping ~*~*~tactically~*~*~ (retreating).
  2270 | D:4      | 2270 ||| Stepping ~*~*~tactically~*~*~ (retreating).
  2271 | D:4      | 2271 ||| Stepping ~*~*~tactically~*~*~ (retreating).
  2274 | D:4      | 2274 ||| Stepping ~*~*~tactically~*~*~ (retreating).
  2274 | D:4      | HP: 6/38 [Blork the orc/+0 short sword (4)]
  2282 | D:4      | HP: 3/38 [Blork the orc/+0 short sword (3)]
  2283 | D:4      | HP: 1/38 [Blork the orc/+0 short sword (2)]
  2285 | D:4      | Killed from afar by Blork the orc

Levels and vault maps discovered:
D:1:      dpeg_arrival_long_road, layout_loops_ring,
          hellmonk_ecumenical_altar_leap_of_faith, minmay_lizard_king
D:2:      layout_loops_cross, basic_altar, uniq_jessica
D:3:      layout_rooms, lemuel_tele_altar, mainiacjoe_overflow_alcove_2
D:4:      layout_basic, lemuel_doored_altar, gammafunk_ghost_necromancy,
          uniq_natasha, uniq_blork_the_orc

Skill      XL: |  1  2  3  4  5 |
---------------+----------------+-----
Ranged Weapons | 5 6 |  6.0
Fighting       | 3 |  3.7
Armour         | 2 |  2.9
Dodging        | |  1.5
Stealth        | |  1.1

Action                     |  1- 3 |  4- 6 || total
---------------------------+-------+-------++-------
   Fire: Shortbow          |    74 |   185 ||   259
    Use: Scroll            |     4 |     2 ||     6
         Potion            |       |     2 ||     2
 Armour: Leather armour    |    22 |    63 ||    85
         Ring mail         |       |    44 ||    44
  Dodge: Dodged            |    15 |    99 ||   114

Table legend:
 A = Non-vault XP
 B = Vault XP
 C = Vault XP percentage of total XP
 D = Non-vault monster count
 E = Vault monster count
 F = Vault count percentage of total count
                 A         B        C        D         E       F
            +---------+---------+-------+---------+---------+-------
      Total |     335 |      43 |  11.4 |      69 |       7 |   9.2
            +---------+---------+-------+---------+---------+-------
        D:1 |      36 |       6 |  14.3 |      23 |       6 |  20.7
        D:2 |      59 |      37 |  38.5 |      19 |       1 |   5.0
        D:3 |     102 |       0 |   0.0 |      24 |       0 |   0.0
        D:4 |     138 |       0 |   0.0 |       3 |       0 |   0.0
            +---------+---------+-------+---------+---------+-------
